 Dungeon Crawl Stone Soup version 0.27.1-3-gb3d3a73c9e (webtiles) character file.

Game seed: 7334052805068313424

1150 junebug69 the Cleaver (level 8, -3/68 HPs)
             Began as a Hill Orc Fighter on Oct 15, 2021.
             Killed from afar by Blork the orc (8 damage)
             ... with a magic dart
             ... on level 5 of the Dungeon on Oct 16, 2021.
             The game lasted 00:36:24 (11283 turns).

junebug69 the Cleaver (Hill Orc Fighter)           Turns: 11283, Time: 00:36:24

Health: -3/68      AC: 10    Str: 20    XL:     8   Next: 38%
Magic:  8/8        EV:  9    Int:  8    God:
Gold:   331        SH: 10    Dex: 11    Spells: 7/7 levels left

rFire    . . .     SeeInvis .   a - +0 war axe
rCold    . . .     Faith    .   c - +0 kite shield
rNeg     . . .     Spirit   .   v - +0 ring mail
rPois    .         Reflect  .   (no helmet)
rElec    .         Harm     .   (no cloak)
rCorr    .         Rampage  .   (no gloves)
Will     .....                  (no boots)
Stlth    +.........             (no amulet)
HPRegen  0.21/turn              j - +4 ring of protection
MPRegen  0.11/turn              (no ring)

@: no status effects
A: no striking features
a: no special abilities


You were on level 5 of the Dungeon.
You visited 1 branch of the dungeon, and saw 5 of its levels.

You collected 331 gold pieces.

Inventory:

Hand Weapons
 a - a +0 war axe (weapon)
 f - a +0 dagger
 g - a +0 mace
 h - a +0 club
 k - a +0 short sword
 n - a +0 club
 q - a +0 whip
 r - a +0 dagger
 s - a +0 dagger
 u - a +0 dagger
 w - a +0 club
 x - a +0 dagger
 y - a +0 mace
 z - a +0 dagger
 B - a +0 dagger
 G - a +0 dagger
 J - a +0 whip
 K - a +0 hand axe
 M - a +0 dagger
 O - a +0 shortbow
 S - a +0 trident
 T - a +0 dagger
 W - a +3 short sword
Missiles
 t - 34 stones (quivered)
 P - 27 arrows
 R - 10 poisoned darts
 V - 3 boomerangs
Armour
 b - a +0 scale mail
 c - a +0 kite shield (worn)
 v - a +0 ring mail (worn)
 F - a +0 robe
 I - a +0 leather armour
 L - a +0 leather armour
 U - a +0 leather armour
Magical Staves
 o - a staff of poison
Jewellery
 j - a +4 ring of protection (left hand)
 p - a ring of fire
Scrolls
 e - 6 scrolls of identify {unknown}
 i - 2 scrolls of holy word {unknown}
 m - 2 scrolls of amnesia {unknown}
 C - a scroll of enchant weapon {unknown}
 D - 3 scrolls of teleportation {unknown}
 E - a scroll of vulnerability {unknown}
 H - a scroll of brand weapon {unknown}
 N - a scroll of fear {unknown}
 X - a scroll of immolation {unknown}
 Y - a scroll of noise {unknown}
Potions
 d - 2 potions of might
 l - 3 potions of heal wounds {unknown}
 A - a potion of degeneration {unknown}
 Q - a potion of resistance {unknown}
 Z - a potion of berserk rage {unknown}


   Skills:
 + Level 5.1 Fighting
 + Level 8.5 Axes
 + Level 6.3 Armour
 + Level 1.1 Dodging
 + Level 1.2 Stealth
 + Level 5.2 Shields


You had 7 spell levels left.
You didn't know any spells.
Your spell library contained the following spells:

 Spells                   Type           Power      Damage    Failure   Level
 Ensorcelled Hibernation  Hex/Ice        0%         N/A       98%         2
 Passwall                 Tmut/Erth      0%         N/A       98%         2
 Gell's Gravitas          Tloc           0%         N/A       100%        3
 Spider Form              Tmut/Pois      0%         N/A       100%        3
 Swiftness                Air            0%         N/A       100%        3
 Teleport Other           Tloc           0%         N/A       100%        3
 Dispersal                Tloc           0%         N/A       100%        6
 Invisibility             Hex            0%         N/A       100%        6
 Shadow Creatures         Summ           N/A        N/A       100%        6


Dungeon Overview and Level Annotations

Branches:
Dungeon (5/15)
 Temple: D:4-7

Altars:
Elyvilon
Fedhas
Zin

Shops:
D:4 (

Annotations:
D:5 Blork the orc


Message History

Blork the orc points at you and mumbles some strange words.
The magic dart hits something!
Blork the orc points at you and mumbles some strange words.
The magic dart hits something.
Reactivating autopickup.
You feel a bit more experienced.
Unknown command.
Unknown command.
Unknown command.
Unknown command.
The howler monkey skeleton hits you.
* * * LOW HITPOINT WARNING * * *
Blork the orc hits you but does no damage.
The howler monkey skeleton closely misses you.
Blork the orc screams, "Die!"
You block Blork the orc's attack.
Blork the orc points at you and mumbles some strange words.
The puff of flame hits you.
* * * LOW HITPOINT WARNING * * *
Unknown command.
You slash the howler monkey skeleton!
The howler monkey skeleton is almost destroyed.
You closely miss Blork the orc. You block Blork the orc's attack. x2
The howler monkey skeleton hits you but does no damage.
Unknown command.
You slash Blork the orc!
Blork the orc is moderately wounded.
You hit the howler monkey skeleton.
You destroy the howler monkey skeleton!
Blork the orc hits you with a +0 mace of protection.
* * * LOW HITPOINT WARNING * * *
Blork the orc hits you with a +0 mace of protection.
* * * LOW HITPOINT WARNING * * *
Blork the orc hits you with a +0 mace of protection.
* * * LOW HITPOINT WARNING * * *
Blork the orc hits you but does no damage.
Unknown command.
Blork the orc points at you and mumbles some strange words.
The magic dart hits you!
You die...

#....#........#
..............#
.........##...#
.........# ...#
........# ..#
..$.....# ..!#
#####...# #.#
#)..# #@..#
#.o.# #####


You could see Blork the orc (fast).

Vanquished Creatures
  A shadow (D:5)
  3 ogres
  A centaur (D:3)
  2 scorpions (D:4)
  A water moccasin skeleton (D:5)
  A howler monkey (D:4)
  2 orc priests
  A bullfrog skeleton (D:5)
  A centaur skeleton (D:4)
  2 orc wizards (D:4)
  Natasha (thrice) (D:3)
  2 iguanas
  2 hound skeletons (D:4)
  A howler monkey skeleton (D:5)
  3 adders
  A shadow imp (D:5)
  An ufetubus (D:4)
  An adder skeleton (D:4)
  3 dart slugs
  7 orcs
  6 ball pythons
  9 endoplasms
  3 giant cockroaches
  10 goblins
  5 hobgoblins
  4 quokkas
  7 bats
  3 frilled lizards
  3 kobolds
  8 rats
97 creatures vanquished.

Vanquished Creatures (others)
  An orc wizard (D:5)
  8 fungi (D:3)
  4 plants (D:3)
13 creatures vanquished.

Grand Total: 110 creatures vanquished

Notes
Turn   | Place    | Note
-------+----------+-------------------------------------------
     0 | D:1      | junebug69 the Hill Orc Fighter began the quest for the Orb.
     0 | D:1      | Reached XP level 1. HP: 19/19 MP: 1/1
   174 | D:1      | Reached XP level 2. HP: 20/27 MP: 2/2
  1847 | D:1      | Reached skill level 3 in Axes
  2538 | D:1      | Reached XP level 3. HP: 33/33 MP: 3/3
  3740 | D:2      | Reached skill level 4 in Axes
  3767 | D:2      | Found a glowing silver altar of Zin.
  3817 | D:2      | Reached XP level 4. HP: 23/40 MP: 4/4
  4783 | D:3      | Noticed an ogre
  4792 | D:3      | Killed an ogre
  4793 | D:3      | Reached skill level 5 in Axes
  4793 | D:3      | Reached XP level 5. HP: 39/46 MP: 5/5
  5846 | D:3      | Noticed a centaur
  5855 | D:3      | Killed a centaur
  5856 | D:3      | Reached skill level 6 in Axes
  5856 | D:3      | Reached XP level 6. HP: 38/53 MP: 6/6
  6036 | D:3      | Found a faded altar of an unknown god.
  7271 | D:4      | Reached skill level 5 in Armour
  7414 | D:4      | Reached skill level 1 in Stealth
  7414 | D:4      | Reached XP level 7. HP: 55/60 MP: 7/7
  7467 | D:4      | Found a white marble altar of Elyvilon.
  7805 | D:4      | Reached skill level 7 in Axes
  7808 | D:4      | Found a blossoming altar of Fedhas.
  8424 | D:4      | Found Qaqian's Weapon Boutique.
  8780 | D:3      | Noticed Natasha
  8784 | D:3      | Killed Natasha
  9038 | D:3      | Noticed Natasha
  9051 | D:3      | Killed Natasha
  9116 | D:3      | Noticed Natasha
  9159 | D:3      | Killed Natasha
 10349 | D:5      | Entered Level 5 of the Dungeon
 10357 | D:5      | Reached XP level 8. HP: 61/67 MP: 8/8
 10381 | D:5      | Reached skill level 8 in Axes
 10381 | D:5      | Reached skill level 5 in Shields
 10736 | D:5      | Noticed a shadow
 10743 | D:5      | Killed a shadow
 10744 | D:5      | Reached skill level 5 in Fighting
 10744 | D:5      | Reached skill level 1 in Dodging
 11250 | D:5      | Noticed Blork the orc
 11283 | D:5      | Killed from afar by Blork the orc

Illustrated notes

Levels and vault maps discovered:
D:1:      psy_arrival_whirlpool, layout_loops_corners
D:2:      layout_rooms, basic_altar, minmay_randomly_rotated_circles
D:3:      cheibrodos_helix_gallery, layout_basic,
          shapermc_ecumenical_altar_hornbeckon, grunt_decor_clamped,
          lightli_corner_chamber, uniq_natasha
D:4:      layout_basic, nicolae_elyvilon_peaceful_grove, serial_shops,
          kennysheep_little_box, minmay_ruined_shrine
D:5:      layout_basic, nzn_overflow_gifts_of_might_and_magic,
          uniq_blork_the_orc

Skill      XL: |  1  2  3  4  5  6  7  8 |
---------------+-------------------------+-----
Axes           | 3 4 5 6 7 8 |  8.5
Fighting       | 4 5 |  5.1
Armour         | 4 5 6 |  6.3
Shields        | 4 5 |  5.2
Stealth        | 1 |  1.2
Dodging        | 1 |  1.1

Action                   |  1- 3 |  4- 6 |  7- 9 || total
-------------------------+-------+-------+-------++-------
Melee: War axe           |    95 |    90 |   140 ||   325
Armor: Scale mail        |    53 |    22 |    20 ||    95
       Ring mail         |       |       |    46 ||    46
Dodge: Dodged            |    39 |    28 |    46 ||   113
Block: Kite shield       |    60 |    43 |    73 ||   176
